Map: Ascension to Aiur LE

Players

NightEnD

  • Race: Protoss Protoss
  • Spawn Location: 11:00

PtitDrogo - Winner!

  • Race: Protoss Protoss
  • Spawn Location: 5:00

Event: WCS Valencia 2017

VOD

Have the link to the VOD?

Description

Time

  • Played on: July 13, 2017, 9:53 a.m.
  • Length: 26:36

All games in this series

Show
View Real Time Build Order
Export as new Build Order

NightEnD Protoss 

Build Orders:  

Get SALT Encoding   

  12  0:00  Probe (Chrono Boost)  
  13  0:11  Probe (Chrono Boost)  
  14  0:19  Pylon  
  14  0:23  Probe (Chrono Boost)  
  15  0:38  Probe (Chrono Boost), Gateway  
  16  0:42  Assimilator  
  16  0:48  Probe (Chrono Boost)  
  17  0:53  Assimilator  
  17  0:59  Probe (Chrono Boost)  
  18  1:09  Probe (Chrono Boost)  
  18  1:10  Gateway  
  19  1:20  Probe (Chrono Boost)  
  20  1:26  Cybernetics Core  
  20  1:30  Probe (Chrono Boost)  
  21  1:37  Pylon  
  21  1:41  Probe (Chrono Boost)  
  22  1:51  Probe (Chrono Boost)  
  23  2:03  Warp Gate (Chrono Boost)  
  23  2:04  Adept x2  
  23  2:07  Mothership Core  
  29  2:15  Pylon  
  29  2:32  Stalker  
  29  2:33  Stalker  
  33  2:59  Nexus  
  33  3:02  Sentry  
  33  3:04  Sentry  
  37  3:31  Probe  
  37  3:33  Robotics Facility  
  38  3:38  Pylon  
  38  3:43  Probe (Chrono Boost), Twilight Council  
  39  3:57  Probe (Chrono Boost)  
  40  4:07  Probe (Chrono Boost)  
  41  4:11  Probe (Chrono Boost)  
  42  4:18  Probe (Chrono Boost)  
  42  4:20  Immortal  
  42  4:21  Blink  
  42  4:22  Probe (Chrono Boost)  
  48  4:28  Probe (Chrono Boost)  
  45  4:32  Probe (Chrono Boost)  
  45  4:37  Sentry  
  48  4:39  Probe (Chrono Boost)  
  48  4:43  Forge, Probe (Chrono Boost)  
  50  4:49  Probe (Chrono Boost)  
  51  4:53  Probe (Chrono Boost)  
  51  4:59  Pylon  
  52  5:00  Probe (Chrono Boost), Immortal  
  52  5:04  Probe (Chrono Boost)  
  58  5:10  Probe (Chrono Boost)  
  59  5:14  Probe (Chrono Boost)  
  59  5:15  Protoss Ground Weapons Level 1 (Chrono Boost)  
  60  5:21  Probe, Assimilator x2  
  60  5:26  Probe, Pylon  
  62  5:32  Pylon  
  62  5:33  Probe  
  63  5:35  Pylon  
  63  5:37  Observer  
  63  5:38  Probe  
  65  5:48  Probe  
  66  5:53  Gateway  
  66  5:54  Gateway  
  66  5:58  Observer, Probe  
  68  6:04  Probe  
  68  6:10  Probe, Nexus  
  68  6:11  Pylon  
  70  6:16  Probe  
  71  6:21  Stalker x2  
  71  6:23  Observer, Probe  
  77  6:28  Probe  
  78  6:35  Probe, Dark Shrine, Robotics Bay  
  79  6:40  Probe  
  80  6:47  Probe  
  80  6:52  Probe  
  80  6:53  Photon Cannon  
  82  6:56  Photon Cannon  
  82  6:59  Probe, Pylon  
  83  7:05  Probe  
  84  7:11  Probe  
  85  7:16  Robotics Facility  
  85  7:17  Probe  
  86  7:23  Probe  
  86  7:25  Protoss Ground Weapons Level 2 (Chrono Boost)  
  86  7:27  Probe  
  86  7:29  Probe, Disruptor (Chrono Boost)  
  89  7:31  Assimilator  
  89  7:35  Probe, Assimilator  
  93  7:38  Probe  
  93  7:41  Probe  
  95  7:44  Photon Cannon  
  95  7:46  Photon Cannon  
  95  7:47  Probe  
  95  7:49  Probe  
  95  7:50  Dark Templar x2  
  95  7:51  Dark Templar  
  103  8:04  Pylon, Disruptor (Chrono Boost)  
  106  8:07  Disruptor (Chrono Boost)  
  109  8:14  Stalker  
  111  8:21  Nexus  
  111  8:23  Pylon  
  111  8:28  Pylon  
  111  8:35  Disruptor (Chrono Boost)  
  111  8:38  Disruptor (Chrono Boost)  
  111  8:39  Stalker x3  
  111  8:41  Stalker  
  125  8:43  Probe  
  125  8:44  Probe  
  127  9:06  Disruptor (Chrono Boost)  
  131  9:10  Disruptor (Chrono Boost)  
  131  9:13  Stalker  
  131  9:14  Stalker x3  
  137  9:17  Photon Cannon  
  137  9:19  Photon Cannon  
  137  9:20  Probe x2  
  137  9:21  Photon Cannon  
  139  9:24  Pylon  
  139  9:30  Assimilator  
  139  9:32  Assimilator  
  139  9:34  Stargate  
  139  9:37  Disruptor (Chrono Boost)  
  139  9:38  Photon Cannon  
  142  9:45  Photon Cannon  
  142  9:47  Disruptor (Chrono Boost)  
  145  9:57  Zealot  
  145  9:58  Stalker  
  145  9:59  Stalker x2  
  153  10:08  Stargate  
  153  10:15  Disruptor (Chrono Boost)  
  153  10:18  Fleet Beacon  
  156  10:27  Photon Cannon x2  
  156  10:30  Stargate  
  156  10:31  Protoss Ground Weapons Level 3  
  156  10:39  Mothership Core  
  156  10:48  Stalker x3  
  162  10:51  Stalker  
  164  11:02  Oracle (Chrono Boost)  
  167  11:22  Dark Templar  
  167  11:23  Dark Templar x2  
  172  11:27  Dark Templar  
  172  11:38  Pylon  
  172  11:39  Pylon  
  172  11:43  Gateway  
  172  11:45  Gateway  
  172  11:47  Gateway  
  172  11:49  Gateway  
  172  11:50  Gateway  
  172  11:52  Photon Cannon  
  172  11:53  Gateway  
  172  11:55  Gateway  
  172  11:56  Mothership Core  
  172  11:57  Carrier (Chrono Boost), Cybernetics Core  
  172  11:59  Protoss Air Weapons Level 1 (Chrono Boost)  
  186  12:01  Carrier (Chrono Boost)  
  186  12:34  Nexus  
  186  12:35  Pylon  
  184  12:38  Pylon  
  184  12:41  Assimilator  
  184  12:42  Carrier (Chrono Boost)  
  184  12:45  Assimilator  
  184  12:48  Protoss Air Armor Level 1 (Chrono Boost)  
  190  12:58  Photon Cannon  
  190  13:00  Photon Cannon  
  190  13:01  Photon Cannon  
  196  13:33  Pylon  
  196  13:35  Graviton Catapult  
  196  13:36  Pylon x2  
  196  14:00  Carrier  
  194  14:13  Carrier x2  
  193  14:35  Protoss Shields Level 1  
  193  14:36  Protoss Air Armor Level 2 (Chrono Boost)  
  193  14:37  Pylon  
  193  14:38  Nexus  
  193  14:43  Pylon  
  193  14:44  Pylon  
  193  14:46  Assimilator  
  193  14:47  Assimilator  
  193  14:53  Protoss Air Weapons Level 2 (Chrono Boost)  
  187  15:14  Carrier  
  187  15:24  Stargate  
  187  15:26  Stargate  
  193  15:34  Oracle  
  193  15:43  Stalker x3  
  193  15:44  Photon Cannon  
  193  15:45  Photon Cannon  
  193  15:46  Photon Cannon  
  193  15:47  Photon Cannon x2  
  193  15:49  Photon Cannon  
  199  15:52  Photon Cannon  
  183  16:18  Photon Cannon  
  183  16:19  Stalker x3  
  183  16:24  Carrier  
  177  16:27  Photon Cannon  
  177  16:28  Photon Cannon  
  177  16:29  Carrier  
  177  16:31  Carrier  
  167  16:32  Stalker  
  167  16:33  Stalker x4  
  167  16:34  Carrier  
  197  17:08  Carrier  
  200  17:18  Assimilator  
  200  17:36  Protoss Air Weapons Level 3 (Chrono Boost)  
  200  17:37  Protoss Air Armor Level 3 (Chrono Boost)  
  200  17:43  Phoenix  
  200  17:46  Pylon, Nexus  
  200  17:47  Pylon  
  200  17:48  Assimilator  
  198  17:51  Assimilator  
  198  17:52  Observer x2  
  185  18:40  Stalker x3  
  185  18:41  Stalker x4  
  193  18:43  Stalker  
  193  18:44  Stalker  
  197  19:27  Stalker  
  199  19:35  Assimilator  
  199  19:55  Photon Cannon  
  199  19:58  Photon Cannon  
  199  20:01  Photon Cannon  
  199  20:04  Photon Cannon  
  199  20:07  Photon Cannon  
  199  20:08  Photon Cannon  
  199  20:10  Photon Cannon  
  199  20:11  Photon Cannon  
  199  20:58  Observer  
  200  21:26  Protoss Shields Level 2  
  200  21:30  Oracle  
  198  22:06  Carrier (Chrono Boost)  
  178  22:08  Carrier (Chrono Boost)  
  178  22:09  Carrier x3 (Chrono Boost)  
  193  23:08  Nexus  
  193  23:09  Pylon  
  193  23:10  Pylon  
  193  23:16  Pylon, Assimilator  
  193  23:18  Assimilator  
  193  23:24  Carrier (Chrono Boost)  
  197  23:32  Photon Cannon  
  197  23:34  Photon Cannon  
  195  23:36  Photon Cannon  
  195  23:38  Photon Cannon  
  195  23:41  Photon Cannon  
  195  23:43  Photon Cannon  
  191  24:02  Carrier (Chrono Boost)  
  195  24:13  Nexus  
  197  24:18  Carrier (Chrono Boost)  
  187  24:28  Carrier x2 (Chrono Boost)  
  194  24:47  Oracle (Chrono Boost)  
  192  25:17  Carrier (Chrono Boost)  
  198  25:34  Nexus  
  198  25:38  Pylon  
  197  25:54  Pylon  
  197  25:56  Assimilator  
  196  26:01  Assimilator  
Show
View Real Time Build Order
Export as new Build Order

PtitDrogo Protoss - Winner!

Build Orders: Zealot Archon 

Get SALT Encoding   

  12  0:01  Probe (Chrono Boost)  
  13  0:11  Probe (Chrono Boost)  
  14  0:18  Pylon  
  14  0:22  Probe (Chrono Boost)  
  15  0:36  Probe (Chrono Boost), Gateway  
  15  0:41  Assimilator  
  16  0:46  Probe (Chrono Boost)  
  17  0:51  Assimilator  
  18  0:57  Probe (Chrono Boost)  
  18  1:05  Gateway  
  18  1:08  Probe (Chrono Boost)  
  20  1:18  Probe (Chrono Boost)  
  20  1:23  Cybernetics Core  
  20  1:29  Probe (Chrono Boost)  
  21  1:33  Pylon  
  21  1:39  Probe (Chrono Boost)  
  22  1:50  Probe (Chrono Boost)  
  23  2:00  Probe (Chrono Boost), Stalker  
  26  2:02  Stalker  
  26  2:06  Warp Gate (Chrono Boost)  
  28  2:14  Mothership Core  
  30  2:20  Pylon  
  30  2:38  Stalker x2  
  34  3:01  Nexus  
  34  3:07  Pylon  
  34  3:14  Probe  
  35  3:21  Twilight Council  
  35  3:31  Probe (Chrono Boost)  
  35  3:33  Sentry x2  
  40  3:43  Probe (Chrono Boost), Robotics Facility  
  41  3:58  Probe (Chrono Boost)  
  41  4:00  Charge  
  42  4:08  Probe (Chrono Boost)  
  43  4:14  Probe (Chrono Boost)  
  43  4:15  Sentry  
  46  4:19  Probe (Chrono Boost)  
  46  4:24  Probe (Chrono Boost)  
  46  4:29  Probe (Chrono Boost)  
  46  4:32  Observer  
  46  4:35  Probe (Chrono Boost)  
  48  4:40  Probe (Chrono Boost)  
  50  4:45  Probe (Chrono Boost)  
  50  4:49  Nexus  
  50  4:50  Probe (Chrono Boost)  
  50  4:51  Pylon  
  51  4:56  Probe (Chrono Boost)  
  51  4:58  Phoenix  
  52  5:01  Probe (Chrono Boost)  
  52  5:04  Immortal  
  57  5:09  Probe (Chrono Boost)  
  57  5:11  Probe (Chrono Boost)  
  59  5:15  Sentry  
  59  5:19  Pylon, Probe (Chrono Boost)  
  62  5:26  Probe (Chrono Boost)  
  63  5:30  Probe (Chrono Boost)  
  63  5:31  Gateway  
  63  5:32  Gateway  
  64  5:36  Probe (Chrono Boost)  
  64  5:37  Assimilator  
  64  5:38  Assimilator  
  64  5:41  Probe (Chrono Boost)  
  64  5:42  Phoenix  
  66  5:47  Immortal  
  70  5:52  Probe (Chrono Boost)  
  71  5:59  Probe (Chrono Boost)  
  71  6:01  Forge  
  71  6:03  Probe (Chrono Boost)  
  73  6:05  Probe (Chrono Boost)  
  73  6:06  Templar Archives  
  73  6:10  Probe (Chrono Boost)  
  75  6:14  Probe (Chrono Boost)  
  75  6:16  Probe (Chrono Boost)  
  77  6:20  Probe (Chrono Boost)  
  77  6:22  Gateway  
  77  6:24  Probe (Chrono Boost)  
  77  6:25  Gateway  
  79  6:26  Immortal (Chrono Boost)  
  79  6:32  Phoenix  
  83  6:34  Probe  
  83  6:35  Probe  
  83  6:36  Probe  
  83  6:39  Protoss Ground Weapons Level 1 (Chrono Boost)  
  86  6:45  Probe  
  87  6:47  Pylon, Probe  
  87  6:48  Probe  
  87  6:49  Pylon  
  89  6:54  High Templar  
  89  6:55  Pylon, High Templar  
  89  6:59  Archon  
  93  7:04  Probe, Immortal  
  93  7:05  Probe x2  
  96  7:12  Pylon  
  96  7:14  Probe  
  100  7:17  Probe x2  
  100  7:21  Assimilator x2  
  103  7:25  Probe  
  103  7:29  Probe x2  
  106  7:33  Gateway  
  106  7:34  Gateway  
  106  7:35  Probe  
  106  7:37  Photon Cannon  
  106  7:39  Photon Cannon  
  106  7:40  Phoenix  
  106  7:42  Probe  
  108  7:46  Nexus  
  108  7:48  Immortal  
  108  7:49  Pylon  
  112  8:00  Gateway x2  
  112  8:01  Pylon  
  112  8:07  High Templar x2  
  112  8:08  Pylon, High Templar x2  
  112  8:12  Archon x2  
  120  8:15  Probe  
  120  8:16  Probe x2  
  123  8:22  Immortal  
  123  8:26  Protoss Ground Weapons Level 2 (Chrono Boost)  
  127  8:31  Stargate  
  127  8:34  Stargate  
  127  8:38  Photon Cannon  
  127  8:47  Photon Cannon  
  127  8:49  Photon Cannon  
  127  8:50  Photon Cannon  
  127  8:52  Photon Cannon, Probe x2  
  129  8:56  Pylon  
  129  8:58  Pylon  
  129  9:02  Probe  
  129  9:09  Probe x2, Warp Prism  
  131  9:16  Photon Cannon, Phoenix x2 (Chrono Boost)  
  132  9:17  Photon Cannon  
  132  9:19  Fleet Beacon  
  132  9:20  Photon Cannon  
  132  9:21  Phoenix (Chrono Boost)  
  132  9:22  Phoenix (Chrono Boost)  
  136  9:25  Zealot x2  
  136  9:28  Probe  
  141  9:32  Pylon  
  141  9:34  Assimilator  
  141  9:36  Phoenix x2  
  141  9:40  Assimilator  
  141  9:45  Pylon  
  145  9:55  Zealot  
  145  9:56  Zealot  
  145  9:57  Phoenix  
  145  9:58  Phoenix  
  153  10:12  Immortal  
  153  10:18  High Templar x2  
  153  10:19  Zealot x2  
  171  10:23  Pylon  
  171  10:24  Pylon  
  171  10:25  Pylon  
  171  10:28  Archon  
  171  10:30  Phoenix  
  171  10:36  Nexus  
  171  10:47  Pylon, Immortal  
  171  10:51  Pylon  
  171  10:52  Carrier x2  
  175  11:00  Zealot x4  
  187  11:10  Photon Cannon  
  193  11:12  Photon Cannon  
  193  11:14  Photon Cannon  
  193  11:24  Zealot x4  
  191  11:34  Graviton Catapult  
  191  11:36  Protoss Air Weapons Level 1  
  191  11:38  Protoss Ground Weapons Level 3 (Chrono Boost)  
  191  11:40  Assimilator  
  191  11:43  Probe x3  
  191  11:45  Assimilator  
  194  11:49  Pylon  
  194  11:50  Stargate  
  194  11:52  Stargate  
  194  11:56  High Templar x2  
  198  12:04  Archon  
  196  12:09  High Templar x2  
  198  12:16  Oracle  
  198  12:19  Gateway  
  198  12:21  Gateway x2  
  195  12:25  Gateway  
  195  12:27  Gateway  
  195  12:29  Gateway  
  195  12:33  Carrier  
  195  12:37  Archon  
  199  13:14  Oracle  
  199  13:36  Photon Cannon  
  199  13:37  Photon Cannon, Protoss Air Weapons Level 2 (Chrono Boost)  
  199  13:39  Protoss Ground Armor Level 1 (Chrono Boost)  
  199  13:47  Carrier  
  199  14:15  Nexus  
  197  14:17  Pylon  
  197  14:34  Pylon  
  197  14:36  Photon Cannon  
  197  14:38  Photon Cannon  
  197  14:40  Photon Cannon  
  197  14:42  Photon Cannon  
  197  14:43  Cybernetics Core  
  197  14:44  Photon Cannon  
  197  14:46  Photon Cannon  
  197  14:49  Assimilator  
  197  14:54  Assimilator  
  197  15:08  Carrier  
  199  15:22  Photon Cannon  
  199  15:23  Protoss Ground Armor Level 2  
  199  15:32  Protoss Air Weapons Level 3 (Chrono Boost)  
  197  16:08  Protoss Air Armor Level 1 (Chrono Boost)  
  197  16:18  Pylon, Nexus  
  178  16:26  Carrier (Chrono Boost)  
  178  16:28  Carrier x2 (Chrono Boost)  
  196  16:34  Zealot x2  
  198  16:49  Photon Cannon  
  198  16:50  Photon Cannon  
  198  16:51  Photon Cannon  
  198  16:53  Photon Cannon x2  
  198  16:54  Photon Cannon  
  198  16:55  Pylon, Carrier (Chrono Boost)  
  198  16:58  Assimilator  
  198  16:59  Assimilator  
  194  17:17  Probe x3  
  195  17:24  Stargate  
  195  17:25  Stargate  
  195  17:43  Oracle (Chrono Boost)  
  196  17:45  Oracle (Chrono Boost)  
  199  17:56  Blink, Protoss Air Armor Level 2  
  199  17:59  Protoss Shields Level 1  
  180  18:35  Stalker x2  
  180  18:36  Stalker x10  
  195  19:00  Carrier x2 (Chrono Boost)  
  193  19:11  Carrier (Chrono Boost)  
  193  19:14  Zealot x3  
  199  19:22  Carrier (Chrono Boost)  
  195  19:31  Zealot x3  
  195  19:32  Zealot  
  200  19:41  Dark Shrine  
  176  20:21  Carrier (Chrono Boost)  
  194  20:22  Protoss Shields Level 2  
  194  20:23  Protoss Air Armor Level 3 (Chrono Boost)  
  200  20:31  Carrier (Chrono Boost)  
  200  20:36  Photon Cannon, Carrier (Chrono Boost)  
  200  20:37  Photon Cannon  
  200  20:38  Photon Cannon  
  200  20:39  Photon Cannon  
  200  20:41  Photon Cannon  
  199  20:56  Dark Templar x4  
  200  21:00  Archon x2  
  192  21:09  Dark Templar x2  
  192  21:10  Dark Templar x3  
  198  21:13  Dark Templar  
  198  21:15  Archon x2  
  188  21:23  Oracle (Chrono Boost)  
  187  21:26  Dark Templar  
  187  21:27  Dark Templar x5  
  187  21:30  Archon  
  187  21:31  Archon x2  
  191  21:33  Carrier (Chrono Boost)  
  190  21:43  Stargate  
  190  21:45  Stargate  
  190  21:49  Oracle (Chrono Boost)  
  165  22:09  Carrier (Chrono Boost)  
  177  22:20  Dark Templar, Carrier (Chrono Boost)  
  177  22:21  Dark Templar  
  187  22:23  Protoss Shields Level 3  
  187  22:29  Carrier (Chrono Boost)  
  187  22:38  Oracle (Chrono Boost)  
  187  22:39  Carrier (Chrono Boost)  
  196  22:55  Archon  
  194  23:00  Pylon  
  194  23:20  Nexus  
  194  23:22  Photon Cannon  
  194  23:25  Photon Cannon x2  
  194  23:26  Carrier (Chrono Boost)  
  196  23:27  Photon Cannon  
  196  23:29  Photon Cannon, Assimilator  
  196  23:30  Dark Templar x2  
  196  23:31  Photon Cannon  
  196  23:32  Assimilator  
  191  23:57  Stalker x6  
  195  24:03  Dark Templar x2  
  193  24:20  Photon Cannon  
  193  24:23  Photon Cannon  
  199  24:33  Probe  
  199  24:37  Carrier (Chrono Boost)  
  197  24:52  Archon  
  195  25:24  Probe  
  196  25:32  Probe  
  196  25:34  Probe  
  197  25:40  Observer  
  199  25:44  Probe  
Tags
 
Add a new tag
Caveats
  • Supply blocks, unpowered buildings, or Contaminate may cause inaccurate times.
  • Supply counts are checked every 10 seconds.